 Dungeon Crawl Stone Soup version 0.19-a0-1188-g4c2e17c (webtiles) character file.

250 PurpleRed the Conjurer (level 5, -1/28 HPs)
             Began as a Deep Elf Conjurer on Aug 18, 2016.
             Was an Initiate of Vehumet.
             Slain by an orc wizard
             ... wielding a +0 dagger
              (2 damage)
             ... on level 3 of the Dungeon.
             The game lasted 00:08:28 (1022 turns).

PurpleRed the Conjurer (Deep Elf Conjurer)          Turns: 1022, Time: 00:08:29

Health: -1/28      AC:  2    Str:  5    XL:     5   Next: 88%
Magic:  1/14       EV: 13    Int: 21    God:    Vehumet [......]
Gold:   86         SH:  0    Dex: 15    Spells: 2 memorised, 11 levels left

rFire  . . .     SeeInvis .     o - +0 hand axe (chop)
rCold  . . .     Gourm    .     k - +0 robe
rNeg   . . .     Faith    .     (no shield)
rPois  .         Spirit   .     (no helmet)
rElec  .         Dismiss  .     (no cloak)
rCorr  .         Reflect  .     (no gloves)
MR     .....     Harm     .     (no boots)
Stlth  ++........               (no amulet)
                                (no ring)
                                (no ring)

@: no status effects
A: no striking features
a: Renounce Religion


You were on level 3 of the Dungeon.
You worshipped Vehumet.
Vehumet was noncommittal.
You were hungry.

You visited 2 branches of the dungeon, and saw 5 of its levels.

You collected 86 gold pieces.

Inventory:

Hand Weapons
 a - a +0 long sword
 o - a +0 hand axe of chopping (weapon)
Armour
 k - a +0 robe (worn)
Scrolls
 e - 3 scrolls of identify
 f - 2 scrolls of fog
 g - a scroll of teleportation
 l - a scroll of immolation {unknown}
 n - a scroll of enchant armour {unknown}
Potions
 i - 2 potions of curing
Books
 b - a book of Conjurations

   Spells                             Type                      Level
   a - Magic Dart                     Conjuration                  1
   b - Searing Ray                    Conjuration                  2
   c - Dazzling Spray                 Conjuration/Hexes            3
   d - Fulminant Prism                Conjuration/Hexes            4
   e - Iskenderun's Mystic Blast      Conjuration                  4
   f - Iskenderun's Battlesphere      Conjuration/Charms           5
 h - a book of Fire

   Spells                             Type                      Level
   a - Ignite Poison                  Fire/Transmutation/Poison    3
   b - Fireball                       Conjuration/Fire             5
   c - Bolt of Fire                   Conjuration/Fire             6
   d - Delayed Fireball               Conjuration/Fire             7
   e - Ring of Flames                 Charms/Fire                  7
Comestibles
 c - a bread ration
 d - a meat ration
 j - 2 slices of pizza
 m - 5 chunks of flesh


   Skills:
 - Level 2.4 Dodging
 - Level 2.4 Stealth
 + Level 5.4 Spellcasting
 * Level 6.8 Conjurations


You had 11 spell levels left.
You knew the following spells:

 Your Spells              Type           Power        Failure   Level  Hunger
a - Magic Dart            Conj           ####         1%          1    None
b - Searing Ray           Conj           ####..       1%          2    None


Dungeon Overview and Level Annotations

Branches:
Dungeon (4/15)             Temple (1/1) D:4

Altars:
Kikubaaqudgha
Nemelex Xobeh
Okawaru
Sif Muna
Trog
Vehumet
Xom
The Shining One


Message History

Aiming: Magic Dart
Press: ? - help, Shift-Dir - straight line, f/p - orc wizard
Aim: an orc wizard, wielding a dagger and wearing a robe (severely wounded)
The magic dart hits the orc wizard.
The orc wizard is severely wounded.
The orc wizard barely misses you.
You hit the orc wizard.
The orc wizard is almost dead.
The orc wizard mumbles some strange words.
The orc wizard seems to speed up.
The orc wizard points at you and mumbles some strange words.
The magic dart hits you!
* * * LOW HITPOINT WARNING * * *
An orc comes into view. It is wielding a whip.
You hit the orc wizard.
The orc wizard is almost dead.
The orc wizard hits you with a dagger.
* * * LOW HITPOINT WARNING * * *
The orc wizard hits you with a dagger.
You die...

#...............#....
#......................
#.#...........##.......
#...#####.#.#.####.####
##..o..###.#.#.# #.#
...........#.#.# #.#
##...##o###.#.# #.
..#.....#o..#.#.#
....._.$@...#.#
..#.....#...#..
##...##.#.### (.....
...... ..#.... ###.###
....... $. ####### ##


You could see an orc wizard and 2 orcs.

Vanquished Creatures
  An ogre (D:4)
  An orc wizard (D:4)
  3 worker ants (D:4)
  2 adders
  A worm (D:4)
  A dart slug (D:4)
  4 orcs (D:4)
  3 giant cockroaches
  3 goblins
  3 hobgoblins
  9 bats
  3 giant newts
  4 kobolds
  4 rats
42 creatures vanquished.

Notes
Turn   | Place    | Note
-------+----------+-------------------------------------------
     0 | D:1      | PurpleRed the Deep Elf Conjurer began the quest for the Orb.
     0 | D:1      | Reached XP level 1. HP: 10/10 MP: 6/6
   182 | D:1      | Reached XP level 2. HP: 8/15 MP: 2/8
   186 | D:1      | Learned a level 2 spell: Searing Ray
   460 | D:2      | Reached skill level 5 in Conjurations
   509 | D:2      | Reached XP level 3. HP: 12/19 MP: 1/10
   732 | D:4      | Found a staircase to the Ecumenical Temple.
   732 | D:4      | Noticed an ogre
   738 | D:4      | Killed an ogre
   738 | D:4      | Reached skill level 6 in Conjurations
   738 | D:4      | Reached XP level 4. HP: 24/24 MP: 6/12
   751 | Temple   | Entered the Ecumenical Temple
   765 | Temple   | Became a worshipper of Vehumet
   805 | D:4      | Reached skill level 5 in Spellcasting
   805 | D:4      | Reached XP level 5. HP: 23/28 MP: 8/14
   999 | D:3      | Found an iron altar of Okawaru.
  1022 | D:3      | HP: 1/28 [orc wizard/dagger (5)]
  1022 | D:3      | Slain by an orc wizard

Vault maps used:
D:1:      tarquinn_simple_flora_water_a, minmay_surrounded
D:2:      lemuel_doored_altar, minmay_pentomino_p2, uniq_natasha
D:3:      okawaru_gym_becter, interstate_on_off
D:4:      first_bread, nicolae_qazlal_general_emergency, uniq_eustachio
Temple:   compressed_dpeg_circular_temple

Skill      XL: |  1  2  3  4 |
---------------+-------------+-----
Conjurations   | 5 6 |  6.8
Spellcasting   | 4 5 |  5.4
Dodging        | |  2.4
Stealth        | |  2.4

Action                   |  1- 3 |  4- 6 || total
-------------------------+-------+-------++-------
Melee: Unarmed           |     8 |       ||     8
       Dagger            |    10 |       ||    10
       Hand axe          |       |     4 ||     4
 Cast: Magic Dart        |    50 |     5 ||    55
       Searing Ray       |     1 |    11 ||    12
  Use: Potion            |     1 |       ||     1
       Scroll            |       |     4 ||     4
Armor: Robe              |    16 |       ||    16
Dodge: Dodged            |    53 |    12 ||    65
